Map: 2000 Atmospheres LE

Players

PattyMac

  • Race: Protoss Protoss
  • League: Grandmaster

MCanning - Winner!

  • Race: Protoss Protoss

Event: DreamHack SC2 Masters 2021 Summer

VOD

Have the link to the VOD?

Description

Time

  • Played on: May 30, 2021, 3:12 p.m.
  • Length: 5:59

All games in this series

Show
View Real Time Build Order
Export as new Build Order

PattyMac Protoss 

Build Orders:  

Get SALT Encoding   

  12  0:00  Probe  
  13  0:12  Probe  
  14  0:16  Pylon  
  14  0:24  Probe (Chrono Boost)  
  16  0:36  Probe (Chrono Boost)  
  16  0:37  Gateway  
  16  0:41  Probe (Chrono Boost)  
  16  0:45  Assimilator  
  17  0:51  Probe (Chrono Boost)  
  17  0:54  Assimilator  
  18  1:04  Probe (Chrono Boost)  
  19  1:06  Gateway  
  19  1:13  Probe (Chrono Boost)  
  19  1:18  Probe  
  20  1:23  Cybernetics Core  
  21  1:30  Probe  
  22  1:33  Pylon  
  22  1:42  Probe  
  23  2:00  Robotics Facility  
  23  2:01  Stalker  
  25  2:04  Stalker  
  25  2:06  Warp Gate (Chrono Boost)  
  27  2:14  Pylon  
  27  2:32  Stalker  
  27  2:34  Stalker  
  31  2:49  Observer  
  31  2:53  Gateway  
  31  3:04  Stalker x2  
  35  3:09  Warp Prism (Chrono Boost)  
  37  3:19  Shield Battery  
  37  3:25  Pylon  
  37  3:47  Stalker x2  
  41  3:50  Stalker  
  43  4:00  Pylon  
  41  4:15  Twilight Council  
  41  4:17  Observer, Stalker x2  
  43  4:25  Stalker  
  45  4:47  Stalker x2  
  45  4:50  Stalker  
  51  5:02  Pylon  
  45  5:14  Adept  
  45  5:17  Stalker  
  49  5:22  Stalker  
  49  5:28  Pylon  
  47  5:46  Adept  
Show
View Real Time Build Order
Export as new Build Order

MCanning Protoss - Winner!

Build Orders: Proxy Void Ray 

Get SALT Encoding   

  12  0:00  Probe  
  13  0:12  Probe  
  14  0:17  Pylon  
  14  0:24  Probe  
  15  0:36  Probe (Chrono Boost), Gateway  
  16  0:47  Probe (Chrono Boost), Assimilator  
  17  0:52  Probe (Chrono Boost)  
  17  0:55  Assimilator  
  18  1:03  Probe (Chrono Boost)  
  20  1:12  Probe (Chrono Boost)  
  20  1:13  Gateway  
  20  1:17  Probe (Chrono Boost)  
  21  1:26  Cybernetics Core  
  21  1:29  Probe  
  22  1:41  Probe  
  23  1:48  Pylon  
  23  1:57  Pylon  
  23  2:03  Stargate  
  23  2:08  Stalker  
  25  2:14  Stalker  
  27  2:19  Warp Gate  
  27  2:21  Probe  
  28  2:32  Shield Battery  
  28  2:38  Adept  
  28  2:43  Void Ray (Chrono Boost)  
  34  3:13  Nexus  
  34  3:17  Void Ray (Chrono Boost)  
  38  3:32  Shield Battery  
  38  3:40  Pylon  
  38  3:52  Void Ray (Chrono Boost)  
  38  4:00  Pylon  
  42  4:08  Zealot  
  44  4:15  Shield Battery, Sentry  
  46  4:29  Void Ray (Chrono Boost)  
  46  4:30  Zealot  
  48  4:36  Probe  
  53  4:40  Probe  
  54  4:50  Zealot  
  56  5:01  Void Ray (Chrono Boost)  
  60  5:10  Zealot  
  60  5:13  Zealot  
  60  5:14  Probe  
  61  5:38  Zealot  
  61  5:42  Zealot  
  61  5:45  Probe  
Tags
 
Add a new tag
Caveats
  • Supply blocks, unpowered buildings, or Contaminate may cause inaccurate times.
  • Supply counts are checked every 10 seconds.